 Dungeon Crawl Stone Soup version 0.31-a0-263-ge8cad7f256 (webtiles) character file.

Game seed: 14011884245580645402

100 qw the Shooter (level 4, -9/26 HPs)
             Began as a Gargoyle Hexslinger on July 13, 2023.
             Mangled by a gnoll
             ... wielding a +0 halberd
              (10 damage)
             ... on level 4 of the Dungeon.
             The game lasted 00:00:48 (2193 turns).

qw the Shooter (Gargoyle Hexslinger)                Turns: 2193, Time: 00:00:49

Health: -9/26      AC:  8    Str: 11    XL:     4   Next: 73%
Magic:  5/5        EV: 10    Int: 14    God:
Gold:   110        SH:  0    Dex: 14    Spells: 4/5 levels left

rFire   . . .        Y - +1 sling
rCold   . . .        (no shield)
rNeg    + . .        g - +0 ring mail
rPois   inf          (no helmet)
rElec   +            (no cloak)
rCorr   .            (no gloves)
SInv    .            (no boots)
Will    .....        b - amulet of faith
Stlth   +            (no ring)
HPRegen 0.24/turn    (no ring)
MPRegen 0.09/turn

%: faith
@: no status effects
A: sickness immunity, AC +3, negative energy resistance 1, electricity
resistance, torment resistance 1, petrification resistance
a: no special abilities


You were on level 4 of the Dungeon.
You visited 1 branch of the dungeon, and saw 4 of its levels.

You collected 110 gold pieces.


Innate Abilities, Weirdness & Mutations

You are immune to sickness and miasma.
Your stone body is resilient. (AC +3)
You are immune to poison.
You resist negative energy. (rN+)
You are resistant to electric shocks. (rElec)
You are resistant to unholy torment.
You are immune to petrification.


   Skills:
 - Level 2.0 Fighting
 + Level 4.3 Ranged Weapons
 - Level 1.0 Armour
 - Level 1.5 Dodging
 - Level 1.0 Spellcasting
 - Level 2.6 Hexes


You had 4 spell levels left.
You knew the following spells:

 Your Spells              Type           Power      Damage    Failure   Level
a - Slow                  Hex            32%        N/A       21%         1

Your spell library contained the following spells:

 Spells                   Type           Power      Damage    Failure   Level
 Inner Flame              Hex/Fire       4%         N/A       71%         3
 Portal Projectile        Hex/Tloc       8%         N/A       71%         3
 Cause Fear               Hex            4%         N/A       90%         4

Inventory:

Hand Weapons
 Y - a +1 sling (weapon)
Armour
 g - a +0 ring mail (worn)
Jewellery
 b - an amulet of faith (around neck)
 c - the amulet "Gephadun" {Regen+ Str+4 Dex+2}
   (You acquired it on level 1 of the Dungeon)

   [amulet of regeneration]

   Str:       It affects your strength (+4).
   Dex:       It affects your dexterity (+2).
   Regen:     It increases your rate of health regeneration.
Scrolls
 d - a scroll of identify
Potions
 a - a potion of enlightenment
 f - a potion of curing
 j - a potion of berserk rage {unknown}

Dungeon Overview and Level Annotations

Branches:
Dungeon (4/15)
 Temple: D:4-7

Altars:


Message History

The sling bullet hits the giant cockroach.
The giant cockroach is almost dead.
The giant cockroach barely misses you.
You shoot a sling bullet.
The sling bullet hits the giant cockroach.
You kill the giant cockroach!
Things that are here:
a giant cockroach corpse; an adder corpse
Found a stone staircase leading down.
A gnoll comes into view. It is wielding a +0 halberd.
The gnoll shouts!
The gnoll moves out of view.
A gnoll comes into view. It is wielding a +0 club.
You shoot a sling bullet.
The sling bullet barely misses the gnoll.
The gnoll shouts!
You shoot a sling bullet.
The sling bullet closely misses the gnoll.
A gnoll comes into view. It is wielding a +0 halberd.
You shoot a sling bullet. The gnoll shouts!
The sling bullet hits the gnoll.
The gnoll is lightly wounded.
You shoot a sling bullet.
The sling bullet completely misses the gnoll.
You shoot a sling bullet.
The sling bullet closely misses the gnoll.
You shoot a sling bullet. The sling bullet hits the gnoll.
The gnoll is heavily wounded.
The gnoll hits you from afar with a +0 halberd!
You shoot a sling bullet.
The sling bullet completely misses the gnoll.
The gnoll hits you but does no damage.
The gnoll hits you from afar with a +0 halberd!
The gnoll hits you but does no damage.
You shoot a sling bullet.
The sling bullet hits the gnoll but does no damage.
The gnoll is heavily wounded.
The gnoll hits you from afar with a +0 halberd! x2
You die...

#... #... ...
#.#### #..# ...
#....# ...# ....
#....###..#.....
#....+..g.#.....
#....#.#..g.....
#....#.g@..>#
#....###.####
#....<.%.#
#....#####
.)......#
........#
####.#### #. #


You could see 3 gnolls.

Vanquished Creatures
  3 adders
  An ufetubus (D:3)
  3 dart slugs
  3 worms (D:2)
  2 ball pythons
  3 endoplasms
  4 giant cockroaches
  4 hobgoblins
  3 kobolds
  3 quokkas
  7 bats
  6 frilled lizards
  7 goblins
  6 rats
55 creatures vanquished.

Notes
Turn   | Place    | Note
-------+----------+-------------------------------------------
     0 | D:1      | qw the Gargoyle Hexslinger began the quest for the Orb.
     0 | D:1      | Reached XP level 1. HP: 12/12 MP: 2/2
     0 | D:1      | 0 ||| qw: Version: 0.3-a-52-g30416fa
     0 | D:1      | 0 ||| qw: Game counter: 7478
     0 | D:1      | 0 ||| qw: Melee chars always use a shield: true
     0 | D:1      | 0 ||| qw: God list: Okawaru
     0 | D:1      | 0 ||| qw: Allow faded altars: false
     0 | D:1      | 0 ||| qw: Do Orc after clearing Dungeon:15 true
     0 | D:1      | 0 ||| qw: Do second Lair branch before Depths: true
     0 | D:1      | 0 ||| qw: Lair rune preference: random
     0 | D:1      | 0 ||| qw: Goals: Normal
     0 | D:1      | 0 ||| PLANNING D:1-11
   159 | D:1      | Reached XP level 2. HP: 16/16 MP: 3/3
   345 | D:1      | Reached skill level 3 in Ranged Weapons
   353 | D:1      | 353 ||| Stepping ~*~*~tactically~*~*~ (outnumbered).
   355 | D:1      | 355 ||| Stepping ~*~*~tactically~*~*~ (outnumbered).
   358 | D:1      | 358 ||| Stepping ~*~*~tactically~*~*~ (outnumbered).
   365 | D:1      | 365 ||| FLEEEEING.
   366 | D:1      | 366 ||| FLEEEEING.
   416 | D:1      | Reached XP level 3. HP: 21/21 MP: 4/4
   640 | D:1      | 640 ||| UPGRADING to +0 ring mail.
   650 | D:1      | 650 ||| DROPPING +0 robe.
   651 | D:1      | 651 ||| READING 3 scrolls labelled SEODOJ NEUQU.
   652 | D:1      | 652 ||| READING scroll labelled LAJYHI CATUVUL.
   652 | D:1      | Identified a scroll of acquirement
   652 | D:1      | 652 ||| ACQUIRING amulet "Gephadun" {Regen+ Str+4 Dex+2}
   652 | D:1      | Acquired the amulet "Gephadun" {Regen+ Str+4 Dex+2}
   654 | D:1      | 654 ||| UPGRADING to amulet "Gephadun" {Regen+ Str+4
                  | Dex+2}.
   659 | D:1      | 659 ||| READING scroll labelled QOCWYU VU MOCH.
   660 | D:1      | 660 ||| READING scroll labelled HUNUCL RES VESS.
   661 | D:1      | 661 ||| DROPPING 2 scrolls of amnesia.
   662 | D:1      | 662 ||| DROPPING scroll of poison.
  1309 | D:2      | 1309 ||| UPGRADING to amulet of faith.
  1319 | D:2      | 1319 ||| READING scroll labelled BEYPRUQ NAHE.
  1322 | D:2      | 1322 ||| DRINKING 2 yellow potions.
  1441 | D:3      | Reached XP level 4. HP: 25/26 MP: 5/5
  1459 | D:3      | Reached skill level 4 in Ranged Weapons
  1708 | D:3      | Reached skill level 1 in Armour
  2061 | D:3      | 2061 ||| READING 3 scrolls labelled JYULEG DERI.
  2062 | D:3      | 2062 ||| READING scroll labelled TITITAVEUMP.
  2063 | D:3      | 2063 ||| READING 4 scrolls of identify.
  2063 | D:3      | 2063 ||| IDENTIFYING lumpy pink potion
  2064 | D:3      | 2064 ||| READING 3 scrolls of identify.
  2064 | D:3      | 2064 ||| IDENTIFYING fizzy dark potion
  2065 | D:3      | 2065 ||| READING 2 scrolls of identify.
  2065 | D:3      | 2065 ||| IDENTIFYING sedimented orange potion
  2066 | D:3      | 2066 ||| DROPPING 2 scrolls of fear.
  2067 | D:3      | 2067 ||| DROPPING potion of lignification.
  2068 | D:3      | 2068 ||| DROPPING potion of attraction.
  2121 | D:4      | 2121 ||| STAIRDANCE
  2157 | D:4      | 2157 ||| STAIRDANCE
  2193 | D:4      | HP: 1/26 [gnoll/+0 halberd (11)]
  2193 | D:4      | Mangled by a gnoll

Levels and vault maps discovered:
D:1:      dpeg_arrival_radiant, layout_basic, hangedman_decor_peaks_small
D:2:      layout_loops_ring, chequers_serial_rivers_small_b,
          minmay_misc_feat_square
D:3:      layout_basic
D:4:      layout_basic, small_statue_intersection, uniq_crazy_yiuf_cottage

Skill      XL: |  1  2  3  4 |
---------------+-------------+-----
Ranged Weapons | 3 4 |  4.3
Fighting       | 2 |  2.0
Armour         | 1 |  1.0
Dodging        | |  1.5
Spellcasting   | |  1.0
Hexes          | |  2.6

Action                     |  1- 3 |  4- 6 || total
---------------------------+-------+-------++-------
   Fire: Sling             |   127 |    50 ||   177
    Use: Scroll            |     5 |     5 ||    10
         Potion            |     1 |       ||     1
 Armour: Robe              |     2 |       ||     2
         Ring mail         |     8 |    20 ||    28
  Dodge: Dodged            |    23 |    23 ||    46

Table legend:
 A = Non-vault XP
 B = Vault XP
 C = Vault XP percentage of total XP
 D = Non-vault monster count
 E = Vault monster count
 F = Vault count percentage of total count
                 A         B        C        D         E       F
            +---------+---------+-------+---------+---------+-------
      Total |     143 |       0 |   0.0 |      55 |       0 |   0.0
            +---------+---------+-------+---------+---------+-------
        D:1 |      43 |       0 |   0.0 |      26 |       0 |   0.0
        D:2 |      35 |       0 |   0.0 |      16 |       0 |   0.0
        D:3 |      49 |       0 |   0.0 |      11 |       0 |   0.0
        D:4 |      16 |       0 |   0.0 |       2 |       0 |   0.0
            +---------+---------+-------+---------+---------+-------
